 Dungeon Crawl Stone Soup version 0.26-a0-1012-gedcf9b2963 (webtiles) character file.

Game seed: 3695925113126795533

2 Baldric the Slasher (level 1, 0/18 HPs)
             Began as a Human Berserker on Dec 7, 2020.
             Was a Follower of Trog.
             Slain by a worm (9 damage)
             ... on level 2 of the Dungeon.
             The game lasted 00:01:18 (271 turns).

Baldric the Slasher (Human Berserker)                Turns: 271, Time: 00:01:19

Health: 0/18       AC:  6    Str: 17    XL:     1   Next: 33%
Magic:  1/1        EV: 10    Int:  7    God:    Trog [*.....]
Gold:   8          SH:  0    Dex: 12    Spells: 0/0 levels left

rFire    . . .     SeeInvis .   a - +0 falchion
rCold    . . .     Faith    .   (no shield)
rNeg     . . .     Spirit   .   e - +0 scale mail
rPois    .         Reflect  .   (no helmet)
rElec    .         Harm     .   (no cloak)
rCorr    .         Rampage  .   (no gloves)
Will     .....                  (no boots)
Stlth    ..........             (no amulet)
HPRegen  0.06/turn              (no ring)
MPRegen  0.07/turn              (no ring)

@: no status effects
A: no striking features
a: Berserk, Renounce Religion


You were on level 2 of the Dungeon.
You worshipped Trog.
Trog was aware of your devotion.
You visited 1 branch of the dungeon, and saw 2 of its levels.

You collected 8 gold pieces.

Inventory:

Hand Weapons
 a - a +0 falchion (weapon)
Armour
 b - a +0 animal skin
 e - a +0 scale mail (worn)
Scrolls
 d - 2 scrolls of teleportation {unknown}
Potions
 c - a potion of curing {unknown}


   Skills:
 + Level 3.0 Fighting
 + Level 3.0 Long Blades
 + Level 2.0 Armour
 + Level 2.0 Dodging


You couldn't memorise any spells.
You didn't know any spells.
Your spell library was empty.

Dungeon Overview and Level Annotations

Branches:
Dungeon (1/15)

Altars:


Message History

The goblin hits you but does no damage. The goblin closely misses you.
You hit the goblin.
The goblin is moderately wounded.
The goblin hits you with a +0 club. The goblin hits you but does no damage.
You hit the goblin.
You kill the goblin!
Trog accepts your kill. The goblin closely misses you.
The goblin barely misses you.
You barely miss the worm. The goblin hits you with a +0 dagger.
The worm bites you but does no damage.
You barely miss the worm. The goblin hits you but does no damage.
You hit the worm.
The worm is lightly wounded.
The goblin hits you but does no damage. The worm bites you but does no damage.
You barely miss the worm.
The worm is lightly wounded.
The goblin hits you but does no damage. The worm bites you!
Ouch! That really hurt!
You die...

#.# #.# #.# #.# .# #.#
#.# .# .. ##.####.#
##.###...
##.......###.?......
####..>####............
#....#.##..............
###.##.#.##.#............
#...........#...@...[....
................wg.....#
......##.###....).....##
.....###.#####.##..######
...........†.............
.....##.######.....######
.....##.# ##..#.#
.######.# ##w.... . ...
........


You could see a worm and a goblin.

Vanquished Creatures
  A goblin (D:2)
  A frilled lizard (D:2)
2 creatures vanquished.

Notes
Turn   | Place    | Note
-------+----------+-------------------------------------------
     0 | D:1      | Baldric the Human Berserker began the quest for the Orb.
     0 | D:1      | Reached XP level 1. HP: 18/18 MP: 1/1
    14 | D:1      | You fall into a shaft and drop 1 floor!
   271 | D:2      | Slain by a worm

Illustrated notes

Levels and vault maps discovered:
D:1:      giann_bridges, layout_basic
D:2:      layout_rooms, lemuel_round_altar, gammafunk_temple_overflow_forgotten,
          kennysheep_generic_room_10

Action                   || total
-------------------------++-------
Melee: Falchion          ||    13
Armor: Scale mail        ||     8
Dodge: Dodged            ||     7
       Rpst.: Falchion   ||     1

Table legend: (Time is in decaauts)
 A = Elapsed time spent in this place.
 B = Non-inter-level travel time spent in this place.
 C = Inter-level travel time spent in this place.
 D = Time resting spent in this place.
 E = Time spent auto-exploring this place.
 F = Levels seen in this place.
 G = Mean time per level.
                   A        B        C        D        E       F      G
               +--------+--------+--------+--------+--------+-----+--------+
         Total |    272 |    272 |      0 |    143 |      0 |   2 |  136.0 |
       Dungeon |    272 |    272 |      0 |    143 |      0 |   2 |  136.0 |
               +--------+--------+--------+--------+--------+-----+--------+

Top non-repeatable levels by time:
     D:2: 258 daAuts
     D:1: 14 daAuts
